 Dungeon Crawl Stone Soup version 0.29-a0-1009-g60c99734e7 (webtiles) character file.

Game seed: 16365452574190974956

1210 wilsonj99 the Shooter (level 8, -1/70 HPs)
             Began as a Minotaur Hunter on Aug 8, 2022.
             Was a Priest of Wu Jian.
             Slain by an ice beast (3 damage)
             ... on level 4 of the Dungeon.
             The game lasted 01:12:03 (3956 turns).

wilsonj99 the Shooter (Minotaur Hunter)             Turns: 3956, Time: 01:12:03

Health: -1/70      AC: 10    Str: 22    XL:     8   Next: 22%
Magic:  7/7        EV: 13    Int:  6    God:    Wu Jian [***...]
Gold:   281        SH:  0    Dex: 16    Spells: 7/7 levels left

rFire   + . .      SeeInvis .   A - +2 quarterstaff (chaos)
rCold   . . .      Faith    .   (shield currently unavailable)
rNeg    . . .      Spirit   .   r - +2 ring mail {Will+}
rPois   .          Reflect  .   (helmet restricted)
rElec   .          Harm     .   (no cloak)
rCorr   .          Rampage  .   w - +1 pair of gloves
Will    +....                   z - +0 pair of boots
Stlth   ++........              (no amulet)
HPRegen 0.21/turn               G - ring of Qannajarrua {rF+ Slay+2}
MPRegen 0.10/turn               H - +6 ring of strength

@: no status effects
A: horns 2, retaliatory headbutt
a: Renounce Religion, Wall Jump, Serpent's Lash


You were on level 4 of the Dungeon.
You worshipped Wu Jian.
Wu Jian was most pleased with you.
You visited 1 branch of the dungeon, and saw 5 of its levels.

You collected 281 gold pieces.

Inventory:

Hand Weapons
 a - a +1 shortbow
 h - a +0 whip
 j - a +2 vorpal spear
 u - the +4 sling "Qikurghug" {freeze, Dex+4}
   (You found it on level 3 of the Dungeon)

   Any ammunition fired from it freezes those it strikes, dealing additional
   cold damage.
   It can also slow down cold-blooded creatures.
   Dex:       It affects your dexterity (+4).
 A - a +2 quarterstaff of chaos (weapon)
 C - the +9 hammer of Parts Unknown {venom, rC+}
   (You found it on level 3 of the Dungeon)

   It poisons the flesh of those it strikes.
   rC:        It protects you from cold.
 J - a +4 short sword
 K - a +1 dagger of draining
Missiles
 v - 3 stones (quivered)
Armour
 b - a +2 robe of resistance
 f - a +0 leather armour
 q - a +0 buckler
 r - a +2 ring mail of willpower (worn)
 w - a +1 pair of gloves (worn)
 z - a +0 pair of boots (worn)
 B - a +0 cloak of willpower
Magical Staves
 c - a staff of poison
 M - a staff of fire
Jewellery
 G - the ring of Qannajarrua (left hand) {rF+ Slay+2}
   (You took it off a kobold on level 4 of the Dungeon)

   [ring of protection from fire]

   Slay:      It affects your accuracy & damage with ranged weapons and melee
   (+2).
   rF:        It protects you from fire.
 H - a +6 ring of strength (right hand)
 L - a ring of wizardry
Wands
 I - a wand of iceblast (8)
Scrolls
 d - 2 scrolls of fog {unknown}
 i - 7 scrolls of identify {unknown}
 l - 3 scrolls of teleportation {unknown}
 m - 4 scrolls of vulnerability {unknown}
 n - 3 scrolls of amnesia
 p - a scroll of poison {unknown}
 s - 2 scrolls of enchant armour {unknown}
 x - 2 scrolls of summoning {unknown}
 y - a scroll of blinking {unknown}
 F - 2 scrolls of enchant weapon
Potions
 e - 4 potions of cancellation {unknown}
 g - a potion of lignification {unknown}
 k - 3 potions of brilliance {unknown}
 o - a potion of attraction {unknown}
 t - 3 potions of mutation {unknown}
 D - a potion of flight {unknown}
 E - 3 potions of curing {unknown}


   Skills:
 + Level 5.6 Fighting
 + Level 4.8 Polearms
 + Level 6.8 Ranged Weapons
 + Level 5.1 Dodging
 + Level 3.8 Stealth


You had 7 spell levels left.
You didn't know any spells.
Your spell library was empty.

Dungeon Overview and Level Annotations

Branches:
Dungeon (5/15)
 Temple: D:4-7

Altars:
Elyvilon
Nemelex Xobeh
Qazlal
Wu Jian


Innate Abilities, Weirdness & Mutations

You have a pair of horns on your head.
You reflexively headbutt those who attack you in melee.


Message History

There is a stone staircase leading up here.
Something hits you but does no damage. x2
You climb upwards.
Reactivating autopickup.
There is a stone staircase leading down here.
Something completely misses you.
You climb downwards.
There is a stone staircase leading up here.
Something hits you but does no damage.
Deactivating autopickup; reactivate with Ctrl-A.
Something hits you but does no damage.
You climb upwards.
Reactivating autopickup.
There is a stone staircase leading down here.
Something hits you but does no damage.
Deactivating autopickup; reactivate with Ctrl-A.
You climb downwards.
Reactivating autopickup.
There is a stone staircase leading up here.
Something hits you but does no damage.
Deactivating autopickup; reactivate with Ctrl-A.
Something hits you but does no damage.
You climb upwards.
Reactivating autopickup.
There is a stone staircase leading down here.
Something hits you but does no damage.
Deactivating autopickup; reactivate with Ctrl-A.
Something hits you but does no damage.
You barely miss something. Something hits you but does no damage.
Something barely misses you.
You barely miss something. Your headbutt misses something.
Something hits you but does no damage. Something hits you.
* * * LOW HITPOINT WARNING * * *
Something freezes you!
* * * LOW HITPOINT WARNING * * *
Something hits you but does no damage. Something hits you but does no damage.
Something hits you but does no damage. x2
Something hits you.
You die...

....#.....# #..###...## ##...
..........## ##.## ###...####.)
≈≈≈≈.......## ##..# #....#..)
§..≈........###..## ##......
§≈.≈.#####.....<.# ##....# .≈.≈.#
##......# ##..##
.§.≈.#####.......## ##....
.≈.≈.#.##.........### ##.....
≈≈.≈..#.........@...#######...#..
...≈.......÷....##..>..##...####.
≈≈≈≈....####..#####.......### #.
......###.....# ##.....## #.
......##......#### ##....# #.
.................###.....# ##
.....##.......##.#...>...# #
..[.####........##.......# #
.....###........##...#...# ###


There were no monsters in sight!

Vanquished Creatures
  An ogre (D:3)
  2 necrophages (D:5)
  A scorpion (D:5)
  5 wights (D:5)
  A hound (D:5)
  7 orc priests
  Crazy Yiuf (D:3)
  Natasha (D:4)
  4 iguanas
  4 orc wizards
  3 gnolls (D:3)
  6 adders
  A shadow imp (D:5)
  A white imp (D:5)
  A worm (D:2)
  4 dart slugs
  17 orcs
  3 endoplasms
  A giant cockroach (D:4)
  9 goblins
  7 hobgoblins
  5 quokkas
  5 ball pythons
  6 bats
  A frilled lizard (D:1)
  6 kobolds
  3 rats
106 creatures vanquished.

Notes
Turn   | Place    | Note
-------+----------+-------------------------------------------
     0 | D:1      | wilsonj99 the Minotaur Hunter began the quest for the Orb.
     0 | D:1      | Reached XP level 1. HP: 18/18 MP: 0/0
   120 | D:1      | Reached XP level 2. HP: 25/25 MP: 1/1
   197 | D:1      | Reached skill level 5 in Ranged Weapons
   246 | D:1      | Found a faded altar of an unknown god.
   411 | D:1      | Reached skill level 1 in Stealth
   606 | D:1      | Prayed at the altar of an unknown god.
   606 | D:1      | Became a worshipper of the Wu Jian Council
   606 | D:1      | Reached * piety under Wu Jian
   687 | D:2      | Reached XP level 3. HP: 30/30 MP: 2/2
   748 | D:2      | Found a white marble altar of Elyvilon.
   958 | D:2      | Reached skill level 1 in Polearms
  1203 | D:3      | Reached XP level 4. HP: 33/38 MP: 3/3
  1713 | D:3      | Identified the +4 sling "Qikurghug" {freeze, Dex+4}
  1824 | D:3      | Noticed an ogre
  1830 | D:3      | Killed an ogre
  1831 | D:3      | Reached XP level 5. HP: 45/45 MP: 4/4
  1940 | D:3      | Found a runed translucent door.
  1941 | D:3      | Noticed Crazy Yiuf
  2222 | D:3      | Killed Crazy Yiuf
  2222 | D:3      | Reached ** piety under Wu Jian
  2228 | D:3      | Identified the +9 hammer of Parts Unknown {venom, rC+}
  2342 | D:4      | Reached XP level 6. HP: 52/52 MP: 5/5
  2447 | D:4      | Found a sparkling altar of Nemelex Xobeh.
  2493 | D:4      | Identified the ring of Qannajarrua {rF+ Slay+2}
  2917 | D:4      | Found a stormy altar of Qazlal.
  2919 | D:4      | Noticed a water elemental
  2957 | D:4      | Noticed Natasha
  2961 | D:4      | Killed Natasha
  3248 | D:4      | Noticed a fire elemental
  3249 | D:4      | Noticed an air elemental
  3344 | D:5      | Entered Level 5 of the Dungeon
  3431 | D:5      | Reached skill level 6 in Ranged Weapons
  3433 | D:5      | Reached XP level 7. HP: 60/60 MP: 6/6
  3451 | D:5      | Reached skill level 5 in Fighting
  3638 | D:5      | Reached *** piety under Wu Jian
  3681 | D:5      | Reached XP level 8. HP: 62/68 MP: 7/7
  3717 | D:5      | Reached skill level 5 in Dodging
  3951 | D:4      | HP: 1/70 [something (7)]
  3956 | D:4      | Slain by an ice beast

Illustrated notes

Levels and vault maps discovered:
D:1:      reono_arrival_forest_river, layout_rooms,
          hellmonk_ecumenical_altar_pennies_from_heaven, minivault_25,
          chequers_serial_rivers_small_3
D:2:      layout_basic, basic_altar, bh_walls_and_bars
D:3:      layout_loops_ring, uniq_crazy_yiuf_cottage
D:4:      layout_layer_cave, mainiacjoe_overflow_concentric_impassable,
          nicolae_qazlal_style_of_elements, uniq_natasha
D:5:      layout_rooms, kennysheep_generic_room_2

Skill      XL: |  1  2  3  4  5  6  7  8 |
---------------+-------------------------+-----
Ranged Weapons | 5 6 |  6.8
Stealth        | 1 2 3 |  3.8
Polearms       | 1 2 3 4 |  4.8
Fighting       | 3 4 5 |  5.6
Dodging        | 3 4 5 |  5.1

Action                   |  1- 3 |  4- 6 |  7- 9 || total
-------------------------+-------+-------+-------++-------
Melee: Shortbow          |     2 |       |       ||     2
       Spear             |    36 |    37 |       ||    73
       Headbutt          |     4 |     8 |     8 ||    20
       Punch             |     1 |       |       ||     1
       Quarterstaff      |       |    13 |    42 ||    55
 Fire: Shortbow          |    40 |     7 |       ||    47
       Sling             |       |    54 |    42 ||    96
Throw: Throwing net      |       |     2 |       ||     2
       Stone             |       |       |     2 ||     2
Invok: Lunge             |       |     1 |     1 ||     2
  Use: Scroll            |     2 |       |     1 ||     3
 Stab: Sleeping          |     2 |       |       ||     2
Armor: Leather armour    |    11 |     2 |       ||    13
       Ring mail         |       |     6 |    40 ||    46
Dodge: Dodged            |    24 |    21 |    15 ||    60

Table legend: (Time is in decaauts)
 A = Elapsed time spent in this place.
 B = Non-inter-level travel time spent in this place.
 C = Inter-level travel time spent in this place.
 D = Time resting spent in this place.
 E = Time spent auto-exploring this place.
 F = Levels seen in this place.
 G = Mean time per level.
                   A        B        C        D        E       F      G
               +--------+--------+--------+--------+--------+-----+--------+
         Total |   3989 |   1060 |   2929 |    331 |      1 |   5 |  797.8 |
       Dungeon |   3989 |   1060 |   2929 |    331 |      1 |   5 |  797.8 |
               +--------+--------+--------+--------+--------+-----+--------+

Top non-repeatable levels by time:
     D:3: 1146 daAuts
     D:4: 1054 daAuts
     D:1: 642 daAuts
     D:5: 604 daAuts
     D:2: 540 daAuts
